 Dungeon Crawl Stone Soup version 0.24-a0-433-gbe6fa4f6cc (webtiles) character file.

Game seed: 6303518738491710594

114 Azzok the Chopper (level 4, -1/39 HPs)
             Began as a Hill Orc Fighter on June 14, 2019.
             Succumbed to Dowan's poison
             ... on level 4 of the Dungeon.
             The game lasted 00:01:55 (1732 turns).

Azzok the Chopper (Hill Orc Fighter)                Turns: 1732, Time: 00:01:56

Health: -1/39      AC:  6    Str: 24    XL:     4   Next: 98%
Magic:  4/4        EV:  7    Int:  8    God:
Gold:   118        SH:  9    Dex: 10    Spells: 3/3 levels left

rFire    . . .     SeeInvis .   a - +0 war axe
rCold    . . .     Gourm    .   c - +0 shield
rNeg     . . .     Faith    .   b - +0 scale mail
rPois    .         Spirit   .   (no helmet)
rElec    .         Reflect  .   (no cloak)
rCorr    .         Harm     .   (no gloves)
MR       .....                  (no boots)
Stlth    ..........             (no amulet)
HPRegen  0.13/turn              (no ring)
MPRegen  0.09/turn              (no ring)

@: mighty, lethally poisoned (-1 -> -42)
A: no striking features
a: no special abilities


You were on level 4 of the Dungeon.
You were not hungry.

You visited 1 branch of the dungeon, and saw 3 of its levels.

You collected 118 gold pieces.

Inventory:

Hand Weapons
 a - a +0 war axe (weapon)
Armour
 b - a +0 scale mail (worn)
 c - a +0 shield (worn)
Scrolls
 e - a scroll of enchant weapon {unknown}
 g - 5 scrolls of identify
 i - a scroll of teleportation {unknown}
 j - a scroll of enchant armour {unknown}
 l - 2 scrolls of random uselessness {unknown}
 o - a scroll of fog {unknown}
Potions
 d - a potion of might
 k - a potion of brilliance
 m - a potion of haste {unknown}
 n - a potion of mutation {!q}
Comestibles
 f - a ration
 h - 4 chunks of flesh


   Skills:
 - Level 3.6 Fighting
 + Level 6.6 Axes
 - Level 3.2 Armour
 - Level 3.2 Shields


You had 3 spell levels left.
You didn't know any spells.
Your spell library was empty.

Dungeon Overview and Level Annotations

Branches:
Dungeon (2/15)

Altars:

Annotations:
D:4 Dowan, Duvessa


Message History

You closely miss Duvessa.
Duvessa is lightly wounded.
You closely miss Dowan.
* * * LOW HITPOINT WARNING * * *
You feel very sick. You block Duvessa's attack.
Dowan hits you but does no damage.
You are more poisoned.
You block Duvessa's attack.
You slash Duvessa!
Duvessa is heavily wounded.
You miss Dowan.
* * * LOW HITPOINT WARNING * * *
You feel very sick. Duvessa closely misses you. You block Dowan's attack.
Duvessa hits you with a +0 short sword.
* * * LOW HITPOINT WARNING * * *
You slash Duvessa!
Duvessa is heavily wounded.
You closely miss Dowan.
You die...

▒······▒·▒
▒·········
▒······▒·▒
▒····<····
·▒▒╬▒▒▒·········
···············▒
··············▒
··············▒
·······e@·····▒
········e·····▒
··············▒
·▒▒▒▒▒▒·······▒
▒▒▒▒▒╬▒▒▒


You could see Duvessa and Dowan.

Vanquished Creatures
  Terence (D:2)
  Jessica (D:2)
  Natasha (D:2)
  2 dart slugs (D:1)
  A leopard gecko (D:2)
  3 giant cockroaches
  A goblin (D:1)
  7 hobgoblins
  4 jackals (D:2)
  A ball python (D:2)
  2 bats (D:1)
  A frilled lizard (D:1)
  4 kobolds
  3 rats
32 creatures vanquished.

Notes
Turn   | Place    | Note
-------+----------+-------------------------------------------
     0 | D:1      | Azzok the Hill Orc Fighter began the quest for the Orb.
     0 | D:1      | Reached XP level 1. HP: 19/19 MP: 1/1
    86 | D:1      | Reached skill level 3 in Axes
   193 | D:1      | Reached XP level 2. HP: 26/26 MP: 2/2
   282 | D:1      | Reached skill level 4 in Axes
   824 | D:2      | Noticed Terence
   847 | D:2      | Killed Terence
   847 | D:2      | Reached skill level 5 in Axes
   847 | D:2      | Reached XP level 3. HP: 8/31 MP: 3/3
  1174 | D:2      | Reached XP level 4. HP: 34/39 MP: 4/4
  1283 | D:2      | Noticed Jessica
  1287 | D:2      | Killed Jessica
  1287 | D:2      | Reached skill level 6 in Axes
  1302 | D:2      | Noticed Natasha
  1321 | D:2      | Killed Natasha
  1721 | D:2      | You fall into a shaft and drop 2 floors!
  1721 | D:4      | Noticed Dowan
  1722 | D:4      | Noticed Duvessa
  1732 | D:4      | Succumbed to Dowan's poison

Levels and vault maps discovered:
D:1:      psy_arrival_spokes, layout_basic, chequers_serial_rivers_micro_e
D:2:      layout_basic, uniq_sigmund, uniq_natasha, uniq_terence, uniq_jessica
D:4:      layout_gridville, serial_shops, kennysheep_mini, gup_sewer_entry_pipe,
          glass_columns_c, lemuel_blue_sif_altar, uniq_duvessa

Skill      XL: |  1  2  3  4 |
---------------+-------------+-----
Axes           | 3 5 6 |  6.6
Fighting       | |  3.6
Armour         | |  3.2
Shields        | |  3.2

Action                   |  1- 3 |  4- 6 || total
-------------------------+-------+-------++-------
Melee: War axe           |    91 |    40 ||   131
  Use: Potion            |     1 |     1 ||     2
       Scroll            |       |     3 ||     3
  Eat: Chunk             |       |     3 ||     3
Armor: Scale mail        |    35 |    13 ||    48
Dodge: Dodged            |    25 |    13 ||    38
Block: Shield            |    42 |    20 ||    62

Table legend:
 A = Non-vault XP
 B = Vault XP
 C = Vault XP percentage of total XP
 D = Non-vault monster count
 E = Vault monster count
 F = Vault count percentage of total count
                 A         B        C        D         E       F
            +---------+---------+-------+---------+---------+-------
      Total |      54 |     110 |  67.1 |      29 |       3 |   9.4
            +---------+---------+-------+---------+---------+-------
        D:1 |      25 |       0 |   0.0 |      14 |       0 |   0.0
        D:2 |      29 |     110 |  79.1 |      15 |       3 |  16.7
            +---------+---------+-------+---------+---------+-------
